 Dungeon Crawl Stone Soup version 0.19-a0-1697-g0595f0e (webtiles) character file.

64 Saways the Skirmisher (level 3, -3/29 HPs)
             Began as a Mummy Fighter on Sept 26, 2016.
             Slain by an ogre
             ... wielding a +0 giant club
              (16 damage)
             ... on level 6 of the Dungeon.
             The game lasted 00:01:39 (1398 turns).

Saways the Skirmisher (Mummy Fighter)               Turns: 1398, Time: 00:01:40

Health: -3/29      AC:  7    Str: 19    XL:     3   Next: 91%
Magic:  3/3        EV:  7    Int:  7    God:
Gold:   55         SH:  9    Dex: 12    Spells: 0 memorised, 2 levels left

rFire  . . .     SeeInvis .     a - +0 long sword
rCold  . . .     Gourm    .     b - +0 scale mail
rNeg   + + +     Faith    .     c - +0 shield
rPois  ∞         Spirit   .     (no helmet)
rElec  .         Dismiss  .     (no cloak)
rCorr  .         Reflect  .     (no gloves)
MR     .....     Harm     .     (no boots)
Stlth  ..........               (no amulet)
                                (no ring)
                                e - ring of fire

@: no status effects
A: no food or potions, fire vulnerability, cold resistance 1, negative energy
resistance 3, torment resistance, unbreathing
a: no special abilities


You were on level 6 of the Dungeon.
You were not hungry.

You visited 1 branch of the dungeon, and saw 4 of its levels.

You collected 55 gold pieces.

Inventory:

Hand Weapons
 a - a +0 long sword (weapon)
Armour
 b - a +0 scale mail (worn)
 c - a +0 shield (worn)
Jewellery
 e - a ring of fire (left hand)
 g - an uncursed ring of fire
Wands
 f - a wand of flame (39/48)
Scrolls
 d - 2 scrolls of identify


   Skills:
 + Level 3.3 Fighting
 + Level 1.9 Long Blades
 + Level 3.0 Armour
 + Level 0.5 Dodging
 + Level 2.8 Shields


You had 2 spell levels left.
You didn't know any spells.

Dungeon Overview and Level Annotations

Branches:
Dungeon (6/15)
 Temple: D:4-7

Altars:


Innate Abilities, Weirdness & Mutations

You do not eat or drink.
Your flesh is vulnerable to fire.
You are immune to poison.
Your flesh is cold resistant. (rC+)
You are immune to negative energy. (rN+++)
You are immune to unholy pain and torment.
You can survive without breathing.


Message History

h - a scroll of magic mapping
As you read the scroll of magic mapping, it crumbles to dust.
You feel aware of your surroundings.
You sensed 1 shop/portal.
There's nothing to close nearby.
Found 8 gold pieces.
An ogre comes into view. It is wielding a giant club.
The ogre shouts!
You can't drink.
You hit the ogre.
The ogre is lightly wounded.
The ogre hits you with a giant club!
Ouch! That really hurt!
You hit the ogre.
The ogre is moderately wounded.
You block the ogre's attack.
You hit the ogre.
The ogre is moderately wounded.
The ogre hits you with a giant club!
Ouch! That really hurt!
You die...

***** *,*
***************###******,******
,,,,,,,,,,,,,,,...,,,,>,,,,,,,*
*,,,,,,,,,,,,,,..#******,****,*
*,**,******###*#.# *,* *,*
*,*,,,,,,..,...#.# *,* *,*
*,*,,*****#..#.#.#######,* *,*
*,*,,* #......O......,* *,*
*,*,,******,,,,#@#******** *,*
*,*,,,,,,,,,,,,#.# ******+***
*,**,***,,,,,*,#.# *,,,,,,,,*
*,,,,,,,,,,,,,,#.# *,,,,,,,,*
,***,***,,,,,###.######*,,,,,,,,*
,,,,,,,,,,,,,#........#*,,,.,,,,*
,***,**,*****#........##....,,,,*
,,,,,**,**** #..............,,,,*
,,,,,,,,,,,* #........##....,,,,*


You could see an ogre.

Vanquished Creatures
  An adder (D:2)
  A worm (D:2)
  3 dart slugs
  4 leopard geckos
  A ball python (D:2)
  3 bats
  2 giant cockroaches (D:2)
  A hobgoblin (D:2)
  2 jackals (D:2)
  3 frilled lizards (D:2)
  9 goblins
  8 kobolds
  3 rats
41 creatures vanquished.

Notes
Turn   | Place    | Note
-------+----------+-------------------------------------------
     0 | D:1      | Saways the Mummy Fighter began the quest for the Orb.
     0 | D:1      | Reached XP level 1. HP: 18/18 MP: 1/1
   229 | D:1      | Reached XP level 2. HP: 24/24 MP: 2/2
   724 | D:2      | Reached XP level 3. HP: 29/29 MP: 3/3
  1385 | D:3      | You fall through a shaft for 3 floors!
  1395 | D:6      | Noticed an ogre
  1398 | D:6      | Slain by an ogre

Vault maps used:
D:1:      scummos_arrival_simple_fountains
D:2:      first_bread
D:3:      nicolae_dithmenos_through_a_glass_darkly
D:6:      portal_sewer_entry_d

Skill      XL: |  1  2  3 |
---------------+----------+-----
Armour         | 3 |  3.0
Fighting       | |  3.3
Long Blades    | |  1.9
Dodging        | |  0.5
Shields        | |  2.8

Action                   || total
-------------------------++-------
Melee: Long sword        ||   171
  Use: Scroll            ||     2
Armor: Scale mail        ||    80
Dodge: Dodged            ||    55
Block: Shield            ||    94
